[Event "Titled Tuesday Blitz March 01 Early 2022"]
[White "Agibileg, Uurtsaikh"]
[Black "Siva Mahadevan"]
[WhiteFideId "4901606"]
[BlackFideId "25043153"]
[WhiteElo "2205"]
[BlackElo "2203"]
[Result "1-0"]
[Round "05"]
[TimeControl "180+1"]
[Date "2022.03.01"]
[WhiteClock "0:01:07"]
[BlackClock "0:00:03"]

1. d4 Nf6 2. c4 g6 3. Nc3 Bg7 4. e4 O-O 5. Be2 d6 6. Nf3 Nbd7 7. O-O e5 8. Be3 c6 9. d5 c5 10. Ne1 Ne8 11. g4 Bf6 12. Nf3 Ng7 13. Kh1 Be7 14. Bh6 Kh8 15. a3 Nf6 16. Nd2 Ng8 17. Be3 Bg5 18. b4 b6 19. Qa4 Bxe3 20. fxe3 Qg5 21. Qc6 Qxe3 22. Qxa8 Qxd2 23. Rac1 Re8 24. Qc6 Qg5 25. Qxd6 Bxg4 26. Bxg4 Qxg4 27. Rxf7 Qh3 28. Qd7 Qh6 29. Rcf1 Ra8 30. d6 Nh5 31. Qg4 Nf4 32. Nd5 Rd8 33. Nxf4 exf4 34. e5 1-0


[Site "https://www.chess.com"]

[Event "Titled Tuesday Blitz March 01 Early 2022"]
[White "Ahmadzada, Ahmad"]
[Black "Krishnan, Varun"]
[WhiteFideId "13413007"]
[BlackFideId "5054508"]
[WhiteElo "2228"]
[BlackElo "2588"]
[Result "1-0"]
[Round "05"]
[TimeControl "180+1"]
[Date "2022.03.01"]
[WhiteClock "0:00:06"]
[BlackClock "0:00:02"]

1. Nf3 d5 2. c4 e6 3. g3 Nf6 4. Bg2 Be7 5. O-O O-O 6. Qc2 a5 7. d4 b6 8. Nbd2 Bb7 9. b3 a4 10. Bb2 a3 11. Bc3 Nc6 12. e4 Nb4 13. Bxb4 Bxb4 14. e5 Ne4 15. Rad1 Nc3 16. Rde1 c5 17. Re3 Ne4 18. dxc5 Bxc5 19. Re2 h6 20. Nxe4 dxe4 21. Nd2 Qd3 22. Nxe4 Qxc2 23. Rxc2 Rad8 24. Nxc5 Bxg2 25. Kxg2 bxc5 26. f4 Rd3 27. Rf3 Rfd8 28. Rxd3 Rxd3 29. Kf2 Kf8 30. Ke2 Rd4 31. Rd2 Re4+ 32. Kf3 Re1 33. Rd8+ Ke7 34. Ra8 Rh1 35. Kg2 Rc1 36. Rxa3 Rc2+ 37. Kf3 Rxh2 38. Ra7+ Ke8 39. a4 Rb2 40. Rb7 f5 41. exf6 gxf6 42. a5 Ra2 43. Ke4 Rxa5 44. f5 Ra6 45. fxe6 Rxe6+ 46. Kd5 Re3 47. Kxc5 Rxg3 48. b4 h5 49. Rh7 Rg5+ 50. Kc6 Rg4 51. Kb5 h4 52. c5 Kd8 53. c6 Kc8 54. Kc5 f5 55. b5 f4 56. Kb6 Kd8 57. c7+ Kc8 58. Rh8+ Kd7 59. c8=Q+ Kd6 60. Qxg4 1-0


[Site "https://www.chess.com"]

[Event "Titled Tuesday Blitz March 01 Early 2022"]
[White "Alavi, Sayed Javad"]
[Black "Matlakov, Maxim"]
[WhiteFideId "12500607"]
[BlackFideId "4168003"]
[WhiteElo "2475"]
[BlackElo "2661"]
[Result "0-1"]
[Round "05"]
[TimeControl "180+1"]
[Date "2022.03.01"]
[WhiteClock "0:00:16"]
[BlackClock "0:00:24"]

1. e4 c5 2. Nf3 d6 3. d4 cxd4 4. Qxd4 Nf6 5. Nc3 Nc6 6. Bb5 Bd7 7. Bxc6 Bxc6 8. Bg5 e6 9. O-O-O Be7 10. Rhe1 O-O 11. Qd2 Qc7 12. Nd4 Rfd8 13. f4 h6 14. h4 b5 15. Ncxb5 Bxb5 16. Nxb5 Qb7 17. Nc3 Rab8 18. b3 hxg5 19. hxg5 Ne8 20. Rh1 d5 21. exd5 Bb4 22. Rh3 Rxd5 23. Rdh1 Kf8 24. Rh8+ Ke7 25. Nxd5+ Qxd5 26. Qxd5 exd5 27. f5 Bc3 28. Rd1 d4 29. Rdh1 Rb5 30. g4 Re5 31. Kd1 Nd6 32. R8h2 Ne4 33. Re2 Kd6 34. Rh7 Nf2+ 0-1


[Site "https://www.chess.com"]

[Event "Titled Tuesday Blitz March 01 Early 2022"]
[White "Alfaro, William"]
[Black "Prado Lobo, Jonas"]
[WhiteFideId "6100457"]
[BlackFideId "32050666"]
[WhiteElo "2066"]
[BlackElo "2199"]
[Result "0-1"]
[Round "05"]
[TimeControl "180+1"]
[Date "2022.03.01"]
[WhiteClock "0:01:26"]
[BlackClock "0:01:32"]

1. d4 e6 2. c4 b6 3. Nc3 Bb7 4. e4 Bb4 5. Bd3 f5 6. Qe2 Nf6 7. e5 Bxg2 8. exf6 Qxf6 9. Bf4 Bxh1 10. Bxc7 Bb7 11. Be5 Qh6 12. d5 O-O 13. a3 Bxc3+ 14. Bxc3 exd5 15. Nf3 Nc6 16. Kd1 Rae8 17. Qf1 Qf4 18. Nd2 d4 19. Bb4 Rf6 20. Nb3 Ne5 21. Bd2 Qf3+ 22. Be2 Qxb3+ 0-1


[Site "https://www.chess.com"]

[Event "Titled Tuesday Blitz March 01 Early 2022"]
[White "Al-Tarboush, Ward"]
[Black "Niyazgulova, Marina"]
[WhiteFideId "7601450"]
[BlackFideId "24142573"]
[WhiteElo "2276"]
[BlackElo "2075"]
[Result "1-0"]
[Round "05"]
[TimeControl "180+1"]
[Date "2022.03.01"]
[WhiteClock "0:01:20"]
[BlackClock "0:00:12"]

1. e4 e6 2. d4 d5 3. exd5 exd5 4. Bd3 Bd6 5. Nc3 Ne7 6. Nb5 O-O 7. Qf3 Nbc6 8. c3 Ng6 9. Nxd6 Qxd6 10. Ne2 Bd7 11. h4 Rac8 12. h5 Nge7 13. Bf4 Qf6 14. g4 Qe6 15. Rg1 f5 16. g5 Na5 17. Be5 c5 18. Nf4 Qc6 19. O-O-O Nc4 20. Bxc4 dxc4 21. d5 Qa6 22. d6 Nc6 23. Qd5+ Rf7 24. g6 Be8 25. gxf7+ Bxf7 26. Rxg7+ 1-0


[Site "https://www.chess.com"]

[Event "Titled Tuesday Blitz March 01 Early 2022"]
[White "Ardila, Oscar Humberto"]
[Black "Manelyuk, Daniil"]
[WhiteFideId "4404742"]
[BlackFideId "44173920"]
[WhiteElo "1898"]
[BlackElo "2222"]
[Result "0-1"]
[Round "05"]
[TimeControl "180+1"]
[Date "2022.03.01"]
[WhiteClock "0:00:10"]
[BlackClock "0:00:14"]

1. d4 Nf6 2. c4 c5 3. d5 b5 4. Qc2 Na6 5. a3 b4 6. e4 d6 7. h3 g6 8. Nf3 Bg7 9. Bd3 O-O 10. O-O Rb8 11. Bf4 Nd7 12. a4 b3 13. Qc1 Nb4 14. Be2 Na2 15. Qd2 Rb4 16. Nc3 Nxc3 17. bxc3 Rb8 18. Rfb1 Qa5 19. e5 dxe5 20. Bg3 e4 21. Bxb8 exf3 22. Bxf3 Bxc3 23. Qd1 b2 24. Ra3 Nxb8 25. Qb3 Bb4 26. Ra2 Nd7 27. Qxb2 Ba6 28. Qc2 Ne5 29. Be2 Bc8 30. g4 f5 31. f4 fxg4 32. fxe5 gxh3 33. Rf1 Bf5 34. Bd3 Bc3 35. Bxf5 Bd4+ 36. Kh1 gxf5 37. Ra3 f4 38. Rxh3 Rf7 39. d6 exd6 40. e6 Rg7 41. Qe2 Qd8 42. Rh2 Be5 43. Rf3 Qf6 44. Rg2 Qxe6 45. Rxg7+ Kxg7 46. Qg2+ Kf7 47. Rh3 Qf5 48. Qd5+ Ke7 49. Qg8 Qe4+ 50. Qg2 Qb1+ 51. Qg1 Qf5 52. Qg8 Qxh3+ 53. Kg1 Qg3+ 54. Kf1 Qxg8 0-1


[Site "https://www.chess.com"]

[Event "Titled Tuesday Blitz March 01 Early 2022"]
[White "Artemenko, Oleg"]
[Black "Karabalis, Harilos"]
[WhiteFideId "14201798"]
[BlackFideId "4621808"]
[WhiteElo "2287"]
[BlackElo "2168"]
[Result "1-0"]
[Round "05"]
[TimeControl "180+1"]
[Date "2022.03.01"]
[WhiteClock "0:00:04"]
[BlackClock "0:00:08"]

1. d4 Nf6 2. Nc3 d5 3. Bf4 a6 4. e3 Bf5 5. f3 e6 6. g4 Bg6 7. h4 h6 8. Bd3 Bxd3 9. Qxd3 c5 10. Nge2 Nc6 11. O-O-O Bd6 12. g5 Nh5 13. g6 f5 14. Bxd6 Qxd6 15. e4 fxe4 16. fxe4 Nf4 17. Qe3 Nxe2+ 18. Nxe2 cxd4 19. Nxd4 O-O-O 20. Nxc6 Qxc6 21. exd5 Rxd5 22. Rxd5 exd5 23. h5 d4 24. Qh3+ Kb8 25. Rd1 Rd8 26. Qf5 Ka7 27. Qe5 Rd7 28. Kb1 Qd5 29. Re1 Qc6 30. a3 d3 31. Qe3+ Qb6 32. cxd3 Rd4 33. Rc1 Rd5 34. Qxb6+ Kxb6 35. Rc8 Rxh5 36. Rg8 Rd5 37. Rxg7 Rxd3 38. Rh7 Rh3 39. g7 Rg3 40. Rxh6+ Ka5 41. Rh7 b5 42. Ka2 Kb6 43. b4 Kc6 44. Kb2 Kd5 45. Kc2 Kc4 46. Kd2 Kb3 47. Rh3 Rxh3 48. g8=Q+ Kxa3 49. Kc2 Rh2+ 50. Kc3 Rh3+ 51. Kd4 Rh4+ 52. Kc5 Rc4+ 53. Kb6 Rxb4 54. Qf8 Ka4 55. Kxa6 Rc4 56. Qe8 Rc5 57. Qd7 Kb3 58. Ka5 b4+ 59. Kb6 Rc3 60. Kb5 Ka3 61. Qd6 Rb3 62. Qc5 Rb2 63. Qa7+ Kb3 64. Qe3+ Ka2 65. Ka4 b3 66. Qc3 Rb1 67. Kb4 Rb2 68. Qc1 Rc2 69. Qa3+ Kb1 70. Qa8 b2 71. Kb3 1-0


[Site "https://www.chess.com"]

[Event "Titled Tuesday Blitz March 01 Early 2022"]
[White "Asadli, Vugar"]
[Black "Deac, Bogdan-Daniel"]
[WhiteFideId "13405764"]
[BlackFideId "1226380"]
[WhiteElo "2914"]
[BlackElo "3033"]
[Result "1-0"]
[Round "05"]
[TimeControl "180+1"]
[Date "2022.03.01"]
[WhiteClock "0:00:27"]
[BlackClock "0:00:08"]

1. e4 e5 2. Nf3 Nc6 3. Bc4 Nf6 4. d3 Bc5 5. O-O d6 6. c3 O-O 7. Bb3 a5 8. Be3 Ba7 9. Nbd2 h6 10. h3 Ne7 11. d4 Ng6 12. Re1 Re8 13. Bc2 c6 14. Nf1 b5 15. a4 b4 16. Ng3 c5 17. Bd3 cxd4 18. cxd4 Nf4 19. Bb5 Bd7 20. Bxd7 Qxd7 21. Qb3 Qe6 22. Qxe6 Rxe6 23. Rad1 Ng6 24. d5 Ree8 25. Nf5 Red8 26. Nd2 Bxe3 27. Rxe3 Rac8 28. b3 Rc5 29. Nc4 Ne8 30. g3 Kf8 31. Rf1 Ne7 32. Nxe7 Kxe7 33. f4 f6 34. Ref3 Rdc8 35. Rc1 Kd8 36. Kf2 Nc7 37. Ke2 Na8 38. fxe5 dxe5 39. Kd3 Nb6 40. Rff1 Nd7 41. g4 R5c7 42. Ke2 Nc5 43. Nd2 Nd7 44. Rxc7 Rxc7 45. Nc4 Nc5 46. Nxa5 Nxe4 47. Kd3 Nc5+ 48. Ke3 Kd7 49. Rb1 Kd6 50. Nc6 Kxd5 51. Nxb4+ Kd6 52. Nd3 Ne6 53. Rc1 Rb7 54. b4 Nd4 55. b5 Ra7 56. Rc4 Ra8 57. Ke4 g6 58. Ke3 f5 59. gxf5 gxf5 60. Nxe5 Kxe5 61. Rxd4 Rc8 62. Rb4 Kd6 63. b6 Ra8 64. b7 Rb8 65. Kf4 Kc5 66. Rb1 Kc6 67. a5 Rxb7 68. Rxb7 Kxb7 69. Kxf5 Ka6 70. Kg6 Kxa5 71. Kxh6 Kb6 72. Kg7 Kc5 73. h4 Kd5 74. h5 Ke5 75. h6 1-0


[Site "https://www.chess.com"]

[Event "Titled Tuesday Blitz March 01 Early 2022"]
[White "Babazada, Khazar"]
[Black "Grafil, Franz Robert"]
[WhiteFideId "13413554"]
[BlackFideId "5205298"]
[WhiteElo "2418"]
[BlackElo "2211"]
[Result "1-0"]
[Round "05"]
[TimeControl "180+1"]
[Date "2022.03.01"]
[WhiteClock "0:01:33"]
[BlackClock "0:00:49"]

1. e4 e6 2. d4 d5 3. Nc3 Bb4 4. e5 c5 5. a3 Bxc3+ 6. bxc3 Ne7 7. a4 Nbc6 8. Nf3 O-O 9. h4 b6 10. h5 h6 11. g3 f5 12. exf6 Rxf6 13. Be2 Bb7 14. O-O Qc7 15. Nh2 e5 16. Ng4 Rf7 17. dxc5 bxc5 18. Bxh6 d4 19. Bc4 Rf8 20. Qd3 Nf5 21. Qxf5 Na5 22. Nf6+ gxf6 23. Qg6+ Kh8 24. Bg7+ Rxg7 25. Qh6+ 1-0


[Site "https://www.chess.com"]

[Event "Titled Tuesday Blitz March 01 Early 2022"]
[White "Bambino Filho, Antonio Carlos"]
[Black "Silva, Mariana Sofia T."]
[WhiteFideId "2113163"]
[BlackFideId "1911899"]
[WhiteElo "2450"]
[BlackElo "1825"]
[Result "1-0"]
[Round "05"]
[TimeControl "180+1"]
[Date "2022.03.01"]
[WhiteClock "0:00:15"]
[BlackClock "0:00:15"]

1. d4 Nf6 2. c4 e6 3. Nc3 Bb4 4. Qc2 O-O 5. e4 d5 6. e5 Ne4 7. Bd3 c5 8. Nf3 cxd4 9. Nxd4 Nd7 10. Bf4 Qh4 11. g3 Qh5 12. Bxe4 dxe4 13. Qxe4 Bxc3+ 14. bxc3 Nc5 15. Qe3 b6 16. O-O Bb7 17. f3 Rfd8 18. Rad1 Rac8 19. g4 Qh3 20. Bg3 h5 21. gxh5 Qxh5 22. Nb5 Rxd1 23. Rxd1 Bxf3 24. Rf1 Be2 25. Rf2 Bd3 26. Nd6 Rf8 27. Kg2 Qg4 28. Rf4 Qd1 29. Rd4 Qc2+ 30. Kh3 Bf1+ 31. Kh4 Qh7+ 32. Kg4 Bh3+ 33. Kf3 Qh5+ 34. Kf2 Qg4 35. Rxg4 Bxg4 36. Qg5 Rd8 37. Qxd8+ 1-0


[Site "https://www.chess.com"]

[Event "Titled Tuesday Blitz March 01 Early 2022"]
[White "Barbashin, Igor"]
[Black "Vivas Zamora, Fabian Ernesto"]
[WhiteFideId "4155718"]
[BlackFideId "3902480"]
[WhiteElo "2138"]
[BlackElo "1966"]
[Result "0-1"]
[Round "05"]
[TimeControl "180+1"]
[Date "2022.03.01"]
[WhiteClock "0:00:01"]
[BlackClock "0:00:05"]

1. d4 Nf6 2. c4 g6 3. Nf3 Bg7 4. Nc3 d5 5. e3 O-O 6. Be2 c5 7. O-O cxd4 8. Nxd4 Nc6 9. cxd5 Nxd5 10. Nxc6 bxc6 11. Bd2 Rb8 12. e4 Nxc3 13. Bxc3 Bxc3 14. bxc3 Rb2 15. Bc4 Qa5 16. Qf3 Ba6 17. Bxa6 Qxa6 18. a4 Rd8 19. h4 Rd3 20. Qf4 Qa5 21. Rad1 Qxc3 22. Rxd3 Qxd3 23. Qe5 Rb4 24. Qxe7 Qxe4 25. Qd8+ Kg7 26. h5 Rxa4 27. Rc1 Qd4 28. Qg5 h6 29. Qg3 Ra1 30. Rxa1 Qxa1+ 31. Kh2 Qd4 32. hxg6 fxg6 33. Qc7+ Kf6 34. Qxc6+ Kf5 35. f3 Qh4+ 36. Kg1 Qe1+ 37. Kh2 Qe5+ 38. Kg1 h5 39. Qd7+ Kg5 40. Qxa7 Qe1+ 41. Kh2 Qh4+ 42. Kg1 Qe1+ 43. Kh2 Qe5+ 44. Kg1 h4 0-1


[Site "https://www.chess.com"]

[Event "Titled Tuesday Blitz March 01 Early 2022"]
[White "Bashirli, Saadat"]
[Black "Omariev, Maksim"]
[WhiteFideId "13429990"]
[BlackFideId "4193423"]
[WhiteElo "1173"]
[BlackElo "2435"]
[Result "0-1"]
[Round "05"]
[TimeControl "180+1"]
[Date "2022.03.01"]
[WhiteClock "0:00:01"]
[BlackClock "0:00:23"]

1. d4 h5 2. e4 h4 3. Nf3 a5 4. Nc3 h3 5. g3 a4 6. Bf4 a3 7. b3 d6 8. Bc4 c6 9. e5 d5 10. Bd3 Bg4 11. Be2 e6 12. Qd3 Na6 13. O-O-O Nb4 14. Qd2 Bf5 15. Bd3 Nxd3+ 16. cxd3 Bb4 17. Qc2 Ne7 18. Rdg1 Bg4 19. Nd2 Ng6 20. f3 Nxf4 21. gxf4 Bf5 22. Rxg7 Rc8 23. Rhg1 Kf8 24. Ne2 c5 25. Kd1 cxd4 26. Qb1 Qb6 27. R7g3 Bc3 28. Nf1 Bb2 29. Rg5 Qc5 30. Nd2 Bh7 31. Ke1 Qb5 32. f5 Bxf5 33. Rxf5 exf5 34. Kf2 Ke7 35. Ng3 Ke6 36. Qe1 Rc2 37. Qe2 Bc3 38. Rd1 f4 39. Ngf1 Rg8 40. Qe1 Rg2# 0-1


[Site "https://www.chess.com"]

[Event "Titled Tuesday Blitz March 01 Early 2022"]
[White "Bintang, Rasyid A. Hidayat"]
[Black "Bethke, Richard"]
[WhiteFideId "7105355"]
[BlackFideId "12959243"]
[WhiteElo "2354"]
[BlackElo "2519"]
[Result "1-0"]
[Round "05"]
[TimeControl "180+1"]
[Date "2022.03.01"]
[WhiteClock "0:00:11"]
[BlackClock "0:00:03"]

1. d4 Nf6 2. Bf4 d5 3. e3 c5 4. Nd2 Nc6 5. Ngf3 e6 6. c3 Bd6 7. Bg3 O-O 8. Bd3 b6 9. e4 Be7 10. e5 Nd7 11. h4 cxd4 12. cxd4 Nb4 13. Bxh7+ Kxh7 14. Ng5+ Kg6 15. Qb1+ f5 16. exf6+ Kxf6 17. Nh7+ Kf7 18. Nxf8 Nxf8 19. a3 Nc6 20. Nf3 Bf6 21. Ne5+ Bxe5 22. dxe5 Ba6 23. b4 Nd4 24. h5 Rc8 25. Ra2 Qc7 26. Rh4 Qc1+ 27. Qxc1 Rxc1+ 28. Kd2 Nb3+ 29. Ke3 Re1+ 30. Kf3 Nd4+ 31. Rxd4 Nh7 32. Bf4 Bc4 33. Rc2 g6 34. hxg6+ Kxg6 35. a4 Rb1 36. Rcxc4 dxc4 37. Rxc4 Nf8 38. Rc8 Rb3+ 39. Kg4 Nh7 40. Rc4 Nf8 41. a5 b5 42. Rc8 Nh7 43. Bd2 Rd3 44. Bc3 Ng5 45. f4 Ne4 46. Be1 Re3 47. Bh4 Rb3 48. Rg8+ Kf7 49. Ra8 Rxb4 50. Rxa7+ Kg6 51. Ra6 Nc5 52. Rc6 Nd3 53. Rxe6+ Kf7 54. Re7+ Kf8 55. Rb7 Rxf4+ 56. Kg3 Re4 57. a6 Ra4 58. a7 Nxe5 59. Rb8+ Kf7 60. a8=Q Rxa8 61. Rxa8 Nc6 62. Ra1 Nd4 63. Rb1 b4 64. Kf4 Ne2+ 65. Ke3 Nc3 66. Rb3 Nd5+ 67. Kd4 Ke6 68. g4 Kd6 69. Bg3+ Kc6 70. Be1 Nf6 71. g5 Nd5 72. g6 Ne7 73. g7 Nf5+ 74. Ke5 Nxg7 75. Bxb4 Ne8 76. Rc3+ Kd7 77. Rd3+ Kc6 78. Bd6 Ng7 79. Rc3+ Kb6 80. Kf6 Nh5+ 81. Kg5 Ng7 82. Re3 Kc6 83. Bf8 1-0


[Site "https://www.chess.com"]

[Event "Titled Tuesday Blitz March 01 Early 2022"]
[White "Bogumil, Tatiana"]
[Black "Kanyamarala, Trisha"]
[WhiteFideId "4110579"]
[BlackFideId "45004722"]
[WhiteElo "1862"]
[BlackElo "2002"]
[Result "0-1"]
[Round "05"]
[TimeControl "180+1"]
[Date "2022.03.01"]
[WhiteClock "0:00:01"]
[BlackClock "0:00:08"]

1. Nf3 d5 2. c4 d4 3. g3 c5 4. Bg2 Nc6 5. O-O Nf6 6. d3 e5 7. b4 cxb4 8. a3 bxa3 9. Bxa3 Bxa3 10. Nxa3 O-O 11. Qa4 Nd7 12. Rfb1 Nc5 13. Qc2 f5 14. Nb5 e4 15. Ne1 Re8 16. Qa2 a6 17. Qa3 Qe7 18. Qb2 Rd8 19. Qd2 Be6 20. Na3 Rab8 21. Nac2 Bf7 22. Rb6 Qc7 23. Rb2 b5 24. cxb5 axb5 25. Nb4 Nxb4 26. Rxb4 Nb3 27. Rxb3 Bxb3 28. dxe4 fxe4 29. Bxe4 Qc3 30. Qc1 Rbc8 31. Qb1 h6 32. Ra7 Be6 33. Qd3 Qxd3 34. Nxd3 Bc4 35. Kg2 Bxd3 36. Bxd3 b4 37. Rb7 Rb8 38. Bc4+ Kh8 39. Ra7 b3 40. Ra1 Rb4 41. Bd3 Rc8 42. Rb1 Kg8 43. f4 Kf8 44. Kf3 b2 45. Ke4 Rc1 46. Kd5 Ke7 47. h4 Rxb1 48. Bxb1 Rb3 49. Kxd4 Rxg3 50. Kc4 Rg1 0-1


[Site "https://www.chess.com"]

[Event "Titled Tuesday Blitz March 01 Early 2022"]
[White "Bongo Akanga Ndjila, Barthelemy"]
[Black "Qashashvili, Alexandre"]
[WhiteFideId "10609431"]
[BlackFideId "13600842"]
[WhiteElo "1803"]
[BlackElo "2316"]
[Result "0-1"]
[Round "05"]
[TimeControl "180+1"]
[Date "2022.03.01"]
[WhiteClock "0:00:35"]
[BlackClock "0:01:08"]

1. d4 d5 2. Nf3 c6 3. Bg5 Bf5 4. e3 h6 5. Bh4 Nd7 6. Bd3 Bxd3 7. Qxd3 Ngf6 8. O-O e6 9. Nbd2 Be7 10. c3 O-O 11. a4 a5 12. e4 dxe4 13. Nxe4 Nxe4 14. Bxe7 Nxf2 15. Bxd8 Nxd3 16. Be7 Rfe8 17. Bd6 Nxb2 18. Rfb1 Nc4 19. Bg3 b6 20. Ne5 Ndxe5 21. dxe5 Red8 22. Rd1 Rd5 23. Rd4 Rad8 24. Rxc4 Rd2 25. Rxc6 Rc2 26. Rxb6 Rdd2 27. Rc6 Rxg2+ 28. Kf1 h5 29. Rc4 g5 30. Be1 Rxh2 31. Kg1 Rcg2+ 32. Kf1 h4 33. Rb1 h3 34. Rb8+ Kg7 0-1


[Site "https://www.chess.com"]

[Event "Titled Tuesday Blitz March 01 Early 2022"]
[White "Boraso, Alessio"]
[Black "Estrada Nieto, Julian"]
[WhiteFideId "848077"]
[BlackFideId "5101018"]
[WhiteElo "2277"]
[BlackElo "2246"]
[Result "0-1"]
[Round "05"]
[TimeControl "180+1"]
[Date "2022.03.01"]
[WhiteClock "0:00:03"]
[BlackClock "0:00:12"]

1. d4 d5 2. Nf3 Nf6 3. Bf4 c5 4. e3 Nc6 5. c3 e6 6. Nbd2 h6 7. Bd3 Bd6 8. Bxd6 Qxd6 9. O-O O-O 10. e4 dxe4 11. Nxe4 Nxe4 12. Bxe4 cxd4 13. Bxc6 Qxc6 14. Qxd4 b6 15. Ne5 Qc7 16. Rad1 Bb7 17. Qd7 Rac8 18. Rfe1 Bd5 19. Qxc7 Rxc7 20. a3 Rfc8 21. Rd2 Kf8 22. Red1 Ke8 23. f3 f6 24. Nd3 Bb3 25. Re1 Kf7 26. Nf2 Bd5 27. Ne4 Bxe4 28. Rxe4 Ke7 29. Red4 e5 30. Rd5 Rb8 31. Kf2 Rbb7 32. Ke3 Ke6 33. Rd6+ Ke7 34. Ke4 g6 35. g4 Rc4+ 36. Ke3 Rbc7 37. h4 h5 38. g5 Rf4 39. gxf6+ Rxf6 40. Rxf6 Kxf6 41. Rc2 Rc4 42. Rh2 Kf5 43. Rd2 Rxh4 44. Rd7 Rh2 45. Rf7+ Ke6 46. b4 Kxf7 0-1


[Site "https://www.chess.com"]

[Event "Titled Tuesday Blitz March 01 Early 2022"]
[White "Bortnyk, Olexandr"]
[Black "Garriga Cazorla, Pere"]
[WhiteFideId "14120828"]
[BlackFideId "32011601"]
[WhiteElo "2723"]
[BlackElo "2458"]
[Result "1-0"]
[Round "05"]
[TimeControl "180+1"]
[Date "2022.03.01"]
[WhiteClock "0:00:03"]
[BlackClock "0:00:12"]

1. e4 c5 2. c3 Nf6 3. e5 Nd5 4. d4 cxd4 5. Nf3 d6 6. cxd4 Nc6 7. Bc4 dxe5 8. dxe5 Nb6 9. Qxd8+ Nxd8 10. Bb3 Be6 11. Nc3 a6 12. O-O Bxb3 13. axb3 e6 14. Rd1 Nc6 15. Be3 Nd7 16. Nb5 Rc8 17. Na7 Nxa7 18. Bxa7 Bb4 19. Rd4 Bc5 20. Rc1 Rc6 21. Rxd7 Kxd7 22. Bxc5 Kc8 23. Rc3 Rd8 24. Bd6 Rxc3 25. bxc3 Kd7 26. Kf1 Rc8 27. c4 b5 28. cxb5 axb5 29. Nd4 Rc3 30. b4 f6 31. f4 Rc4 32. Ne2 g5 33. g3 gxf4 34. gxf4 f5 35. Bc5 Kc6 36. Kf2 Kd5 37. Ke3 Rc2 38. Kd3 Rb2 39. h4 Ra2 40. Nc3+ 1-0


[Site "https://www.chess.com"]

[Event "Titled Tuesday Blitz March 01 Early 2022"]
[White "Boruchovsky, Avital"]
[Black "Bilan, Danila"]
[WhiteFideId "2800055"]
[BlackFideId "24161918"]
[WhiteElo "2469"]
[BlackElo "2164"]
[Result "1-0"]
[Round "05"]
[TimeControl "180+1"]
[Date "2022.03.01"]
[WhiteClock "0:01:11"]
[BlackClock "0:00:47"]

1. e4 c6 2. c4 d5 3. cxd5 cxd5 4. exd5 Nf6 5. Nf3 Nxd5 6. Nc3 Nc6 7. Bb5 Nxc3 8. bxc3 e6 9. O-O Be7 10. d4 O-O 11. Rb1 Bd7 12. Re1 Rc8 13. Qe2 Bf6 14. Bd3 Qc7 15. Qe4 g6 16. Bf4 Qa5 17. Rxb7 Rfd8 18. Bd2 Qxa2 19. h4 Nxd4 20. cxd4 Bc6 21. Qf4 Bxf3 22. Qxf6 1-0


[Site "https://www.chess.com"]

[Event "Titled Tuesday Blitz March 01 Early 2022"]
[White "Brodowski, Piotr"]
[Black "Kamsky, Gata"]
[WhiteFideId "1124480"]
[BlackFideId "2000024"]
[WhiteElo "2422"]
[BlackElo "2645"]
[Result "0-1"]
[Round "05"]
[TimeControl "180+1"]
[Date "2022.03.01"]
[WhiteClock "0:00:02"]
[BlackClock "0:00:13"]

1. c4 f5 2. Nc3 Nf6 3. Nf3 g6 4. d3 Bg7 5. e4 d6 6. exf5 Bxf5 7. d4 O-O 8. Bd3 Bg4 9. Be2 Nc6 10. h3 Bf5 11. d5 Nb4 12. Nd4 Bd7 13. O-O c5 14. Ne6 Bxe6 15. dxe6 Nc6 16. Be3 Qc8 17. Nd5 Rb8 18. Nxf6+ Bxf6 19. Bh6 Re8 20. Bf3 Nd4 21. Bd5 b5 22. b3 bxc4 23. bxc4 Qa6 24. Be3 Rb2 25. Qg4 Rf8 26. h4 Nf5 27. h5 Nxe3 28. fxe3 Kg7 29. hxg6 h6 30. Rf4 Qa3 31. Qf3 Rxa2 32. Rf1 Ra1 33. g3 Rxf1+ 34. Kxf1 a5 35. Kg2 a4 36. Qf2 Qb2 37. Qxb2 Bxb2 38. Be4 a3 39. Bb1 Rf6 40. Kf3 Be5 41. Rxf6 Kxf6 42. Kg4 Kxe6 43. Kh5 Bg7 44. Kg4 Ke5 45. Kf3 e6 46. e4 Kd4 47. Ba2 Kc3 48. g4 Kb2 49. e5 dxe5 0-1


[Site "https://www.chess.com"]

[Event "Titled Tuesday Blitz March 01 Early 2022"]
[White "Bryakin, Mikhail"]
[Black "Hamley, Ryan"]
[WhiteFideId "4165314"]
[BlackFideId "30959497"]
[WhiteElo "2421"]
[BlackElo "2559"]
[Result "1-0"]
[Round "05"]
[TimeControl "180+1"]
[Date "2022.03.01"]
[WhiteClock "0:00:07"]
[BlackClock "0:00:03"]

1. e4 e5 2. Nf3 Nc6 3. Bb5 Nf6 4. O-O Nxe4 5. d4 Nd6 6. Bxc6 dxc6 7. dxe5 Nf5 8. Qxd8+ Kxd8 9. Rd1+ Ke8 10. Nc3 Be7 11. b3 Be6 12. Bb2 Rd8 13. Ne2 Bc5 14. Nf4 h5 15. g3 Ke7 16. Kg2 a5 17. a4 Rxd1 18. Rxd1 Rd8 19. Rxd8 Kxd8 20. Nxe6+ fxe6 21. h3 Kd7 22. g4 hxg4 23. hxg4 Ne7 24. Kg3 Nd5 25. Ng5 b5 26. Ne4 Be7 27. axb5 cxb5 28. f4 a4 29. bxa4 bxa4 30. f5 a3 31. Bd4 Nb4 32. f6 Bf8 33. Bc5 a2 34. Bxf8 a1=Q 35. fxg7 Qxe5+ 36. Kh4 Qxe4 37. g8=Q Nd5 38. Qf7+ Kc8 39. Kg5 Ne3 40. Qf4 Qd5+ 41. Kg6 Nxc2 42. g5 Nd4 43. Kh7 Qf5+ 44. Qxf5 Nxf5 45. Kg6 Kd7 46. Kf6 Nh4 47. Bc5 Nf5 48. Bf2 Kd6 49. g6 Kd7 50. Be1 Kd6 51. Bf2 Kd7 52. Bc5 c6 53. Ba3 c5 54. Bxc5 Ke8 55. Ba3 Nh6 56. Kg7 Nf5+ 57. Kf6 Nh6 58. g7 Ng8+ 59. Kxe6 Nh6 60. Bc1 Ng8 61. Bg5 1-0


[Site "https://www.chess.com"]

[Event "Titled Tuesday Blitz March 01 Early 2022"]
[White "Budrewicz, Krzysztof"]
[Black "Thomas, Anysia"]
[WhiteFideId "1127950"]
[BlackFideId "670472"]
[WhiteElo "2248"]
[BlackElo "2002"]
[Result "1-0"]
[Round "05"]
[TimeControl "180+1"]
[Date "2022.03.01"]
[WhiteClock "0:01:26"]
[BlackClock "0:00:02"]

1. d4 Nf6 2. c4 g6 3. Nc3 d5 4. Nf3 Bg7 5. Qb3 dxc4 6. Qxc4 O-O 7. e4 a6 8. Be2 b5 9. Qb3 c5 10. dxc5 Be6 11. Qc2 Nbd7 12. c6 Nb8 13. O-O Nxc6 14. Rd1 Nb4 15. Qb1 Qc7 16. a3 Nc6 17. Nd5 Nxd5 18. exd5 Bf5 19. Qa2 Ne5 20. Be3 Nxf3+ 21. Bxf3 Qc2 22. Bd4 Rac8 23. Bxg7 Kxg7 24. h3 Rfd8 25. Rac1 Qxc1 26. Rxc1 Rxc1+ 27. Kh2 Rdc8 28. Qb3 R8c2 29. Qb4 Rxf2 30. Qd4+ f6 31. Qxf2 Rc2 32. Qe3 Kf7 33. b4 h5 34. Qa7 h4 35. d6 1-0


[Site "https://www.chess.com"]

[Event "Titled Tuesday Blitz March 01 Early 2022"]
[White "Carlsson, Ludvig"]
[Black "Tomiello, Mateus Costamilan"]
[WhiteFideId "1727010"]
[BlackFideId "22701958"]
[WhiteElo "2178"]
[BlackElo "1975"]
[Result "1-0"]
[Round "05"]
[TimeControl "180+1"]
[Date "2022.03.01"]
[WhiteClock "0:00:27"]
[BlackClock "0:00:11"]

1. e4 e5 2. Nf3 Nc6 3. Bb5 Nf6 4. O-O Nxe4 5. d4 Nd6 6. dxe5 Nxb5 7. a4 d6 8. axb5 Nxe5 9. Re1 Be7 10. Nxe5 dxe5 11. Qxd8+ Bxd8 12. Rxe5+ Be6 13. Be3 O-O 14. Nc3 Bf6 15. Rc5 c6 16. bxc6 b6 17. Rb5 Rfc8 18. f3 h6 19. Kf2 Rxc6 20. Rxb6 Rxb6 21. Bxb6 Rb8 22. Bxa7 Rxb2 23. Ne2 Rxc2 24. Rc1 Ra2 25. Be3 h5 26. Rd1 Bh4+ 27. g3 Bf6 28. Rd2 Rxd2 29. Bxd2 g6 30. Bc3 Bd8 31. Bd4 Kf8 32. Ke3 Bg5+ 33. Kf2 Ke8 34. Be5 Kd7 35. Nd4 Bc4 36. Nc2 Be7 37. Bd4 Bb3 38. Ne3 Kc6 39. f4 Kb5 40. Kf3 f5 41. Ke2 Be6 42. Kd3 Kc6 43. Kc3 Bc5 44. Bxc5 Kxc5 45. Kd3 Bd7 46. Ng2 Bb5+ 47. Ke3 Kd5 48. Nh4 Be8 49. Nf3 Kc4 50. Ne5+ Kd5 51. Nf3 Kc4 52. Nd4 Kd5 53. Nc2 Kc4 54. Ne1 Kd5 55. Nd3 Kc4 56. Nf2 Kd5 57. Nh3 Kc4 58. Ng5 Kc3 59. Nh7 Kc2 60. Nf6 Bf7 61. Nd7 Kd1 62. Ne5 Be8 63. Kf2 Kd2 64. Kg2 Ke3 65. Kh3 Kf2 66. Kh4 Kg2 67. h3 Kh2 68. Nc4 Bb5 69. Nd6 Bf1 70. Nf7 Bxh3 71. Ne5 Bg4 72. Nxg6 Kg2 73. Nf8 Kf3 74. Nd7 Kg2 75. Nf6 Kf3 76. Nxh5 Bxh5 77. Kxh5 Kxg3 78. Kg5 Kh3 79. Kxf5 Kh4 80. Kg6 Kg4 81. f5 Kf3 82. f6 Ke2 83. f7 Kd1 84. f8=Q 1-0


[Site "https://www.chess.com"]